[Event "Titled Tuesday Blitz July 20 2021"]
[White "Moroni, Luca Jr"]
[Black "Quparadze, Giga"]
[WhiteFideId "865834"]
[BlackFideId "13602250"]
[WhiteElo "2491"]
[BlackElo "2658"]
[Result "0-1"]
[Round "07"]
[TimeControl "180+1"]
[Date "2021.07.20"]
[WhiteClock "0:00:01"]
[BlackClock "0:00:22"]

1. d4 Nf6 2. c4 e6 3. Nc3 Bb4 4. Nf3 b6 5. e3 Ne4 6. Qb3 c5 7. Bd3 Bb7 8. O-O Bxc3 9. bxc3 f5 10. d5 O-O 11. a4 Qf6 12. Ra3 d6 13. a5 Nd7 14. Nd2 Nxd2 15. Bxd2 Ne5 16. Be2 Rab8 17. axb6 axb6 18. Rb1 Ba8 19. Ra7 exd5 20. cxd5 b5 21. c4 b4 22. Bc1 Rb7 23. Rba1 Rxa7 24. Rxa7 Qd8 25. Bb2 Qb6 26. Qa4 Bb7 27. f4 Nf7 28. Bh5 g6 29. Bd1 Nd8 30. Kf2 Qc7 31. Ba1 Qe7 32. Qa2 Re8 33. Qd2 h5 34. Ba4 Rf8 35. Qb2 Kh7 36. Bc6 Qh4+ 37. Kf1 Qe7 38. h3 Kh6 39. Kf2 h4 40. Kf3 Qe4+ 41. Ke2 Qxg2+ 42. Ke1 Qxb2 43. Bxb2 Rf7 44. Kf2 g5 45. fxg5+ Kxg5 46. Kf3 Nxc6 0-1


[Site "https://www.chess.com"]

[Event "Titled Tuesday Blitz July 20 2021"]
[White "Moskalenko, Alexander"]
[Black "Aradhya, Garg"]
[WhiteFideId "4155351"]
[BlackFideId "25006746"]
[WhiteElo "2495"]
[BlackElo "2146"]
[Result "0-1"]
[Round "07"]
[TimeControl "180+1"]
[Date "2021.07.20"]
[WhiteClock "0:01:03"]
[BlackClock "0:00:20"]

1. e4 e5 2. Nf3 Nc6 3. Bb5 a6 4. Bxc6 dxc6 5. Nc3 f6 6. d4 exd4 7. Nxd4 c5 8. Nde2 Qxd1+ 9. Nxd1 Be6 10. Bf4 O-O-O 11. Ne3 h5 12. h4 Ne7 13. Rd1 Rxd1+ 14. Kxd1 f5 15. exf5 Nxf5 16. Nxf5 Bxf5 17. Ng3 Be6 18. Re1 Kd7 19. Ne4 Bxa2 20. b3 c4 21. Nd2 b5 22. Re4 Bb4 23. Rd4+ Kc8 24. bxc4 Bxd2 25. Kxd2 Bxc4 26. Be5 Re8 27. f4 g6 28. Kc3 Re6 29. Kb4 Rc6 30. c3 Bf1 31. g3 Kb7 32. Rd7 Rc4+ 33. Kb3 Bh3 34. Rf7 a5 35. Rf6 Bf5 36. g4 Bxg4 37. Rxg6 Rc6 38. Rg5 Rc5 39. Bd4 Be6+ 40. Ka3 b4+ 41. cxb4 axb4+ 42. Kxb4 Rc4+ 43. Kb5 Rxd4 44. f5 Rd5+ 45. Kb4 Rxf5 46. Rxf5 Bxf5 47. Kc3 c5 0-1


[Site "https://www.chess.com"]

[Event "Titled Tuesday Blitz July 20 2021"]
[White "Nakamura, Hikaru"]
[Black "Rustemov, Alexander"]
[WhiteFideId "2016192"]
[BlackFideId "4119002"]
[WhiteElo "2900"]
[BlackElo "2857"]
[Result "1-0"]
[Round "07"]
[TimeControl "180+1"]
[Date "2021.07.20"]
[WhiteClock "0:01:00"]
[BlackClock "0:00:03"]

1. Nf3 d5 2. e3 Nf6 3. c4 c6 4. d4 Bf5 5. Nc3 e6 6. Nh4 Bg6 7. Nxg6 hxg6 8. Rb1 Nbd7 9. c5 e5 10. b4 a6 11. a4 Be7 12. g3 O-O 13. Bg2 Re8 14. O-O Qc7 15. b5 axb5 16. axb5 Nf8 17. Qc2 Ne6 18. Ne2 e4 19. Kh1 Ng5 20. Ng1 Qd7 21. bxc6 bxc6 22. Bd2 Ng4 23. h3 Nh6 24. Ra1 f5 25. Rxa8 Rxa8 26. Rb1 Ne6 27. Ne2 g5 28. Qb3 Nf7 29. Bf1 Nfd8 30. Qb2 g6 31. Ra1 Rxa1 32. Qxa1 Qb7 33. Qa2 Kf7 34. Kg1 f4 35. g4 f3 36. Nc1 Ke8 37. Nb3 Nf7 38. Na5 Qa8 39. Qb3 Ned8 40. Qb6 Kd7 41. Ba6 Bf6 42. Bc3 Ke7 43. Kf1 Kd7 44. Ke1 Ke7 45. Kd1 Kd7 46. Kc2 Ke7 47. Kb3 Kd7 48. Kb2 Ke7 49. Nb3 Kd7 50. Ba5 Ke7 51. Kc2 Ke8 52. Nc1 Be7 53. Na2 Kd7 54. Qc7+ Ke8 55. Nb4 1-0


[Site "https://www.chess.com"]

[Event "Titled Tuesday Blitz July 20 2021"]
[White "Narayanan.S.L"]
[Black "Wagner, Dennis"]
[WhiteFideId "5058422"]
[BlackFideId "24650684"]
[WhiteElo "2617"]
[BlackElo "2355"]
[Result "1-0"]
[Round "07"]
[TimeControl "180+1"]
[Date "2021.07.20"]
[WhiteClock "0:01:51"]
[BlackClock "0:00:14"]

1. b3 e5 2. Bb2 Nc6 3. e3 Nf6 4. c4 d5 5. cxd5 Nxd5 6. a3 Bd6 7. d3 Qf6 8. Nd2 Qg6 9. Ngf3 O-O 10. Qc2 Be6 11. h4 f6 12. h5 Qf7 13. h6 g5 14. Ne4 a5 15. Be2 Nde7 16. Nfd2 Nf5 17. Nc4 Be7 18. Bh5 Bxc4 19. Bxf7+ Bxf7 20. O-O Nxh6 21. Nc5 Bxc5 22. Qxc5 Rfd8 23. d4 exd4 24. Bxd4 Nxd4 25. exd4 c6 26. Rfe1 Bxb3 27. Re7 Rd5 28. Qc3 Nf5 29. Rxb7 Nxd4 30. Re1 a4 31. Ree7 h5 32. Rg7+ Kf8 33. Qb4+ c5 34. Qb6 Ne6 35. Rbf7+ Ke8 36. Qxe6+ 1-0


[Site "https://www.chess.com"]

[Event "Titled Tuesday Blitz July 20 2021"]
[White "Nathan, Nitish"]
[Black "Gabrielian, Artur"]
[WhiteFideId "30927870"]
[BlackFideId "4131002"]
[WhiteElo "2250"]
[BlackElo "2523"]
[Result "0-1"]
[Round "07"]
[TimeControl "180+1"]
[Date "2021.07.21"]
[WhiteClock "0:01:01"]
[BlackClock "0:00:14"]

1. d4 Nf6 2. Bf4 d5 3. e3 e6 4. Nd2 c5 5. c3 Bd6 6. Bg3 O-O 7. Ngf3 Qc7 8. Bd3 Nbd7 9. O-O Bxg3 10. hxg3 e5 11. dxe5 Nxe5 12. Nxe5 Qxe5 13. Nf3 Qe7 14. Re1 b6 15. c4 dxc4 16. Bxc4 Bb7 17. Be2 Rfd8 18. Qc1 Rd6 19. Nh4 g6 20. Bf3 Ne4 21. Qc2 Rd2 22. Qc4 Nxf2 23. Bxb7 Qxb7 24. Nf3 Rxb2 25. Qc3 Rb4 26. Kxf2 Re8 27. Rad1 Qc6 28. Rd2 Rbe4 29. Red1 Rxe3 30. Qxe3 Rxe3 31. Kxe3 h6 32. Rd8+ Kg7 33. R8d7 Qe6+ 34. Kf2 Qxa2+ 35. Kg1 Qe6 36. Rxa7 c4 37. Rc7 b5 38. Nd4 Qb6 39. Rc6 Qb7 40. Rb1 Qa7 41. Rd6 Qc5 42. Rd8 b4 43. Kh1 c3 44. Rd7 Qh5+ 45. Kg1 Qg4 46. Rd6 Qxg3 47. Rf1 Qxd6 0-1


[Site "https://www.chess.com"]

[Event "Titled Tuesday Blitz July 20 2021"]
[White "Nefedov, Sergey"]
[Black "Timofeev, Artyom"]
[WhiteFideId "24113417"]
[BlackFideId "4140419"]
[WhiteElo "2385"]
[BlackElo "2582"]
[Result "0-1"]
[Round "07"]
[TimeControl "180+1"]
[Date "2021.07.20"]
[WhiteClock "0:00:01"]
[BlackClock "0:00:24"]

1. d4 Nf6 2. Nf3 b6 3. g3 Bb7 4. Bg2 g6 5. O-O Bg7 6. c4 O-O 7. Nc3 Ne4 8. Nxe4 Bxe4 9. Be3 d5 10. Rc1 Nd7 11. Qb3 c5 12. cxd5 Bxf3 13. Bxf3 cxd4 14. Bf4 Nc5 15. Qb5 a6 16. Qc4 a5 17. Rfd1 Qd7 18. b3 Rac8 19. Kg2 Rfd8 20. e3 b5 21. Qe2 d3 22. Qd2 b4 23. e4 Bc3 24. Qe3 e5 25. Bg5 Re8 26. h4 Qd6 27. h5 f6 28. Bh6 g5 29. Bg4 Rc7 30. Bf5 Kh8 31. Kh3 Ra8 32. f4 Bd4 33. Qf3 Rg8 34. Re1 g4+ 35. Bxg4 f5 0-1


[Site "https://www.chess.com"]

[Event "Titled Tuesday Blitz July 20 2021"]
[White "Oliveira, Silvio Eduardo"]
[Black "Porter, Ryan W"]
[WhiteFideId "2111560"]
[BlackFideId "2011239"]
[WhiteElo "2302"]
[BlackElo "2419"]
[Result "1-0"]
[Round "07"]
[TimeControl "180+1"]
[Date "2021.07.21"]
[WhiteClock "0:00:46"]
[BlackClock "0:00:01"]

1. e4 d6 2. d4 Nf6 3. Nc3 g6 4. Bf4 a6 5. h4 h5 6. e5 Ng4 7. Nf3 d5 8. Ng5 Bf5 9. e6 fxe6 10. f3 Nh6 11. Be5 Rg8 12. Bd3 Qd7 13. Qe2 Nf7 14. Nxf7 Kxf7 15. g4 Bxd3 16. Qxd3 Nc6 17. gxh5 Nxe5 18. dxe5 Bh6 19. Rg1 Bf4 20. Rxg6 Bxe5 21. O-O-O Qd6 22. Rdg1 Bxc3 23. Qxc3 Qf4+ 24. Kb1 d4 25. Qc4 Qf5 26. R1g5 1-0


[Site "https://www.chess.com"]

[Event "Titled Tuesday Blitz July 20 2021"]
[White "Omk124"]
[Black "Sihite, Chelsie Monica Ignesias"]
[BlackFideId "7101198"]
[WhiteElo "2560"]
[BlackElo "2224"]
[Result "1-0"]
[Round "07"]
[TimeControl "180+1"]
[Date "2021.07.21"]
[WhiteClock "0:02:49"]
[BlackClock "0:02:48"]

1. e4 c5 2. Nf3 Nc6 3. d4 cxd4 4. Nxd4 Nf6 5. Nc3 e5 6. Ndb5 a6 7. Nd6+ Bxd6 8. Qxd6 Qe7 9. Qd1 O-O 10. Bg5 h6 11. Nd5 Qe6 12. Bxf6 gxf6 13. Nc7 Qe7 14. Nxa8 Qb4+ 15. c3 Qxb2 16. Qc1 1-0


[Site "https://www.chess.com"]

[Event "Titled Tuesday Blitz July 20 2021"]
[White "Orantes Taboada, Francisco"]
[Black "Rorrer, Grayson"]
[WhiteFideId "22274758"]
[BlackFideId "30944996"]
[WhiteElo "2073"]
[BlackElo "2122"]
[Result "0-1"]
[Round "07"]
[TimeControl "180+1"]
[Date "2021.07.21"]
[WhiteClock "0:00:24"]
[BlackClock "0:00:59"]

1. Nf3 Nf6 2. g3 d5 3. Bg2 c6 4. O-O Bg4 5. d4 e6 6. c4 Be7 7. Qb3 Qc8 8. Nc3 O-O 9. Rd1 Nbd7 10. Bf4 Nb6 11. cxd5 exd5 12. Rac1 Nc4 13. Ne5 Nxe5 14. Bxe5 Bh3 15. Nxd5 Nxd5 16. Bxd5 Bg4 17. Bf3 Bxf3 18. Qxf3 Qe6 19. b3 Rad8 20. Rd3 Rd7 21. e4 Rfd8 22. Rcd1 c5 23. Qe3 f6 24. Bf4 g5 25. d5 Qg4 26. d6 gxf4 27. dxe7 Qxd1+ 28. Rxd1 Rxd1+ 29. Kg2 fxe3 30. exd8=Q+ Rxd8 0-1


[Site "https://www.chess.com"]

[Event "Titled Tuesday Blitz July 20 2021"]
[White "Ovchinnikov, Vsevolod"]
[Black "Rangel, Daniel"]
[WhiteFideId "24176842"]
[BlackFideId "2124475"]
[WhiteElo "2376"]
[BlackElo "2187"]
[Result "1-0"]
[Round "07"]
[TimeControl "180+1"]
[Date "2021.07.21"]
[WhiteClock "0:00:16"]
[BlackClock "0:00:05"]

1. d4 Nf6 2. c4 e6 3. g3 d5 4. Bg2 a6 5. Nf3 dxc4 6. Ne5 c5 7. Na3 cxd4 8. Naxc4 Bb4+ 9. Bd2 Bxd2+ 10. Qxd2 O-O 11. Rd1 Ra7 12. Qxd4 Qxd4 13. Rxd4 b5 14. Na5 Nfd7 15. Nd3 Rc7 16. Kd2 Nf6 17. Rc1 Rxc1 18. Kxc1 Bd7 19. Rd6 Rc8+ 20. Kd1 Kf8 21. Rb6 Ke7 22. Bb7 Rd8 23. Ke1 h5 24. h4 Be8 25. Bxa6 Nfd7 26. Rxb5 Nxa6 27. Nc6+ Kd6 28. Nxd8 Kc7 29. Nb7 Kc6 30. a4 Nb6 31. Na5+ Kc7 32. Rxh5 Nxa4 33. Rh8 Bd7 34. b3 Nc3 35. Nc4 Nd5 36. f4 g6 37. h5 gxh5 38. Rxh5 Bb5 39. Nce5 f5 40. Rh7+ Kb6 41. Kf2 Bxd3 42. Nxd3 Nab4 43. Nxb4 Nxb4 44. Rh6 Nd5 45. Rxe6+ Kc5 46. Re5 Kb4 47. Rxd5 1-0


[Site "https://www.chess.com"]

[Event "Titled Tuesday Blitz July 20 2021"]
[White "Ozates, Tuna"]
[Black "Zia, Tahsin Tajwar"]
[WhiteFideId "6354521"]
[BlackFideId "10211888"]
[WhiteElo "1872"]
[BlackElo "1800"]
[Result "1-0"]
[Round "07"]
[TimeControl "180+1"]
[Date "2021.07.21"]
[WhiteClock "0:01:57"]
[BlackClock "0:00:39"]

1. Nf3 d5 2. c4 c6 3. e3 Nf6 4. b3 g6 5. Bb2 Bg7 6. Nc3 O-O 7. Be2 Bg4 8. O-O Nbd7 9. h3 Bxf3 10. Bxf3 Ne5 11. Be2 dxc4 12. bxc4 Nd3 13. Ba3 a5 14. Qb1 Nb4 15. Bxb4 axb4 16. Qxb4 Qxd2 17. Rfd1 Qc2 18. Rac1 Qf5 19. Qxb7 Ne4 20. Nxe4 Qxe4 21. Bf3 Qe6 22. Qxc6 Qxc6 23. Bxc6 Rxa2 24. c5 Rc8 25. Bb7 Rc7 26. c6 Be5 27. Rd7 Bd6 28. Rd1 Be5 29. f4 Rxd7 30. cxd7 Bc7 31. d8=Q+ Bxd8 32. Rxd8+ Kg7 33. Bf3 Ra1+ 1-0


[Site "https://www.chess.com"]

[Event "Titled Tuesday Blitz July 20 2021"]
[White "Pakleza, Zbigniew"]
[Black "Sargsyan, Anna M."]
[WhiteFideId "1119290"]
[BlackFideId "13308130"]
[WhiteElo "2526"]
[BlackElo "2263"]
[Result "1-0"]
[Round "07"]
[TimeControl "180+1"]
[Date "2021.07.20"]
[WhiteClock "0:00:41"]
[BlackClock "0:01:13"]

1. d4 d5 2. Bf4 Nf6 3. e3 c5 4. c3 Nc6 5. Nd2 Bg4 6. Qb3 Qc8 7. h3 Bh5 8. Ngf3 e6 9. Be2 Be7 10. dxc5 Bxc5 11. c4 O-O 12. O-O a6 13. Rac1 Be7 14. cxd5 Nxd5 15. Bg3 Rd8 16. Nc4 Ra7 17. e4 b5 18. exd5 exd5 19. Nce5 Rc7 20. Nxc6 Rxc6 21. Rxc6 Qxc6 22. Ne5 Qh6 23. Bxh5 Qxh5 24. Nc6 1-0


[Site "https://www.chess.com"]

[Event "Titled Tuesday Blitz July 20 2021"]
[White "Pastar, Slaven"]
[Black "Hamley, Ryan"]
[WhiteFideId "14402718"]
[BlackFideId "30959497"]
[WhiteElo "2150"]
[BlackElo "2393"]
[Result "1-0"]
[Round "07"]
[TimeControl "180+1"]
[Date "2021.07.21"]
[WhiteClock "0:00:45"]
[BlackClock "0:00:02"]

1. b3 d5 2. Bb2 Nc6 3. Nf3 f6 4. e3 e5 5. d4 e4 6. Nfd2 f5 7. c4 Nf6 8. cxd5 Nxd5 9. Nc3 Be6 10. Bc4 Be7 11. Qh5+ g6 12. Qh6 Bf8 13. Qh3 Bg7 14. Ncxe4 O-O 15. Nc5 Bf7 16. Nxb7 Qe7 17. O-O h5 18. a4 Qg5 19. Nc5 Nxd4 20. f4 Nxf4 21. Rxf4 Ne2+ 22. Bxe2 Bxb2 23. Raf1 Rfe8 24. Bc4 Rad8 25. Bxf7+ Kxf7 26. Nc4 Bf6 27. b4 Rb8 28. e4 Rxb4 29. exf5 1-0


[Site "https://www.chess.com"]

[Event "Titled Tuesday Blitz July 20 2021"]
[White "Peralta, Eduardo"]
[Black "Primbetov, Kazbek"]
[WhiteFideId "3700062"]
[BlackFideId "13702297"]
[WhiteElo "2205"]
[BlackElo "2184"]
[Result "1/2-1/2"]
[Round "07"]
[TimeControl "180+1"]
[Date "2021.07.21"]
[WhiteClock "0:00:05"]
[BlackClock "0:00:06"]

1. d4 Nf6 2. c4 g6 3. Nc3 Bg7 4. e4 d6 5. f3 O-O 6. Bg5 c5 7. d5 e6 8. Nge2 h6 9. Be3 exd5 10. cxd5 a6 11. a4 Nbd7 12. Qd2 Ne5 13. Ng3 h5 14. Bg5 h4 15. f4 Ned7 16. Bxh4 Nxe4 17. Bxd8 Nxd2 18. Bc7 Nb3 19. Ra3 Re8+ 20. Kd1 Nd4 21. Bd3 Nf6 22. Bxd6 b6 23. Re1 Bb7 24. Be5 Nxd5 25. Nxd5 Bxd5 26. Bxg7 Kxg7 27. Rxe8 Rxe8 28. Ne2 Nxe2 29. Bxe2 Bxg2 30. Bxa6 Rh8 31. a5 bxa5 32. Rxa5 Rxh2 33. Rxc5 Bf3+ 34. Kc1 Rf2 35. b4 Be4 36. b5 Rxf4 37. b6 Rf6 38. Rb5 Rc6+ 39. Kd2 Rc2+ 40. Ke3 f5 41. b7 Bxb7 42. Bxb7 Kf6 43. Rb1 Ra2 44. Rb6+ Kg5 45. Bd5 Ra3+ 46. Kd2 Rg3 47. Bf7 Kh6 48. Ke2 Kg7 49. Bd5 f4 50. Be4 Re3+ 51. Kf2 Rxe4 52. Kf3 Rd4 53. Kg4 Rc4 54. Ra6 Kh6 55. Ra5 f3+ 56. Kxf3 g5 57. Kg3 Kh5 58. Ra3 Rg4+ 59. Kh3 Rh4+ 60. Kg3 Rg4+ 61. Kh3 Rh4+ 62. Kg3 Rg4+ 1/2-1/2


[Site "https://www.chess.com"]

[Event "Titled Tuesday Blitz July 20 2021"]
[White "Perez Rodriguez, Luis Manuel"]
[Black "Jarovinsky, Alexey"]
[WhiteFideId "3503364"]
[BlackFideId "14115131"]
[WhiteElo "2429"]
[BlackElo "2446"]
[Result "0-1"]
[Round "07"]
[TimeControl "180+1"]
[Date "2021.07.20"]
[WhiteClock "0:00:12"]
[BlackClock "0:00:16"]

1. e4 Nc6 2. Nf3 d6 3. d4 Nf6 4. Nc3 Bg4 5. d5 Nb8 6. Be2 g6 7. Nd4 Bxe2 8. Qxe2 Bg7 9. Be3 O-O 10. O-O c5 11. Nf3 Nbd7 12. h3 a6 13. a4 Ne8 14. Nd2 Nc7 15. f4 b5 16. axb5 axb5 17. Nxb5 Nxb5 18. Qxb5 Rb8 19. Qd3 Bxb2 20. Rae1 Bg7 21. Nf3 Qa5 22. Kh1 Qc3 23. Qe2 Rb2 24. Rf2 Ra8 25. f5 Raa2 26. fxg6 hxg6 27. Rc1 Nf6 28. Ng5 Ra3 29. Bf4 Qd4 30. Nf3 Qxe4 31. Ng5 Qxe2 32. Rxe2 Nxd5 33. Bh2 Bh6 34. Rd1 Nc3 0-1


[Site "https://www.chess.com"]

[Event "Titled Tuesday Blitz July 20 2021"]
[White "Pert, Richard G"]
[Black "Tokman, Ariel"]
[WhiteFideId "404748"]
[BlackFideId "117420"]
[WhiteElo "2441"]
[BlackElo "2345"]
[Result "0-1"]
[Round "07"]
[TimeControl "180+1"]
[Date "2021.07.21"]
[WhiteClock "0:00:15"]
[BlackClock "0:00:16"]

1. e4 c5 2. Nf3 e6 3. Nc3 a6 4. d4 cxd4 5. Nxd4 b5 6. Be2 Qb6 7. Be3 Bc5 8. a4 Nc6 9. a5 Qa7 10. Ndxb5 axb5 11. Nxb5 Bxe3 12. Nxa7 Bxa7 13. O-O Nf6 14. Bf3 Nd4 15. c3 Nxf3+ 16. Qxf3 Bb7 17. Rfe1 O-O 18. b4 Rfc8 19. b5 Rc4 20. b6 Bb8 21. Qd3 Ba6 22. Qc2 Be5 23. Ra3 Rac8 24. g3 Bxc3 25. Rxc3 Rxc3 26. Qb2 R3c6 27. Rb1 d6 28. e5 Nd5 29. exd6 Rxd6 30. Qe5 Rd7 31. h4 h6 32. h5 Bb7 33. Kh2 Nf6 34. Ra1 Ng4+ 35. Kh3 Nxe5 36. a6 Bxa6 37. Rxa6 Rb7 38. Ra7 Rxa7 39. bxa7 Ra8 40. f4 Rxa7 41. g4 Ra3+ 42. Kh4 Nf3+ 0-1


[Site "https://www.chess.com"]

[Event "Titled Tuesday Blitz July 20 2021"]
[White "Petriashvili, Nikoloz"]
[Black "GrafLermontov"]
[WhiteFideId "13611216"]
[WhiteElo "2430"]
[BlackElo "2558"]
[Result "1-0"]
[Round "07"]
[TimeControl "180+1"]
[Date "2021.07.20"]
[WhiteClock "0:02:05"]
[BlackClock "0:00:35"]

1. e4 c5 2. Nf3 e6 3. d4 cxd4 4. Nxd4 Nc6 5. g3 Qc7 6. Bg2 a6 7. O-O h5 8. Nc3 h4 9. Nxc6 bxc6 10. Bf4 Qb6 11. b3 hxg3 12. hxg3 Nf6 13. Na4 Qd8 14. c4 Nh5 15. Be3 e5 16. c5 Be7 17. Bf3 g6 18. Nb6 Rb8 19. Nc4 a5 20. Nd6+ Kf8 21. Kg2 Bg5 22. Bxh5 Rxh5 23. Rh1 Bxe3 24. Rxh5 gxh5 25. Qxh5 Qf6 26. fxe3 Ba6 27. Rh1 Ke7 28. Nf5+ Ke6 29. Qd1 d5 30. Rh6 Qxh6 31. Nxh6 d4 32. exd4 Rd8 33. Qg4+ 1-0


[Site "https://www.chess.com"]

[Event "Titled Tuesday Blitz July 20 2021"]
[White "Plotnikov, Pavel"]
[Black "Hryshchenko, Kamila"]
[WhiteFideId "4170342"]
[BlackFideId "14147491"]
[WhiteElo "2298"]
[BlackElo "1966"]
[Result "1-0"]
[Round "07"]
[TimeControl "180+1"]
[Date "2021.07.21"]
[WhiteClock "0:01:54"]
[BlackClock "0:01:44"]

1. e4 d5 2. exd5 Qxd5 3. Nc3 Qe5+ 4. Be2 Bg4 5. d4 Bxe2 6. Ngxe2 Qa5 7. O-O Na6 8. Bf4 Nf6 9. a3 c6 10. Nb1 e6 11. c4 Be7 12. b4 Bxb4 13. Qb3 c5 14. axb4 Qxa1 15. Nbc3 Qxf1+ 16. Kxf1 Nxb4 17. dxc5 a5 18. Bd6 Nd7 19. Qa4 Nc6 20. Nb5 1-0


[Site "https://www.chess.com"]

[Event "Titled Tuesday Blitz July 20 2021"]
[White "Preotu, Razvan"]
[Black "Howell, David W L"]
[WhiteFideId "2613280"]
[BlackFideId "410608"]
[WhiteElo "2407"]
[BlackElo "2643"]
[Result "0-1"]
[Round "07"]
[TimeControl "180+1"]
[Date "2021.07.20"]
[WhiteClock "0:00:02"]
[BlackClock "0:00:06"]

1. e4 e6 2. d4 d5 3. Nc3 h6 4. Nf3 Nf6 5. Bd3 c5 6. exd5 exd5 7. dxc5 Bxc5 8. O-O O-O 9. h3 Nc6 10. Ne2 Re8 11. c3 Ne4 12. Ned4 Qf6 13. Be3 Bb6 14. Bb5 Bd7 15. Nc2 Bc7 16. Qxd5 Rad8 17. Qh5 Bf5 18. Qh4 g5 19. Qh5 Qg7 20. Nfd4 Bg6 21. Qe2 Qe5 22. f4 Qd6 23. Qf3 Ne5 24. fxe5 Qxe5 25. g3 Nxg3 26. Rfe1 Be4 27. Qg4 Kg7 28. Bxe8 Rxe8 29. Bf4 Qxf4 30. Qxf4 Bxf4 31. Nb4 Kg6 32. Kf2 f5 33. Ne2 Nxe2 34. Rxe2 Bc7 35. Nc2 Bb6+ 36. Ke1 Rd8 37. Nd4 Bxd4 38. cxd4 Rxd4 39. Rd2 Rc4 40. Kf2 Kh5 41. Re1 Rc6 42. Re3 Kh4 43. Rb3 b6 44. Ra3 a5 45. Rb3 h5 46. a4 g4 47. hxg4 hxg4 48. Ke3 Kg3 49. Kd4+ Kf4 50. Rf2+ Kg5 51. Rb5 Re6 52. Re5 Rd6+ 53. Ke3 g3 54. Rf1 Rd3+ 55. Ke2 Kg4 56. Rg1 Rb3 57. Re8 Rxb2+ 58. Ke3 Rb3+ 59. Ke2 Kf4 60. Rg8 g2 61. Kd2 Rb2+ 62. Kc3 Rf2 63. Kd4 Kf3 64. Ke5 Re2 65. Kd4 Ra2 66. Re1 Kf2 67. Rc1 Rxa4+ 68. Ke5 Ra2 69. Kf4 Re2 70. Rg7 Re1 71. Rc3 g1=Q 0-1


[Site "https://www.chess.com"]

[Event "Titled Tuesday Blitz July 20 2021"]
[White "Remizov, Yaroslav"]
[Black "Kubatko, Ivan"]
[WhiteFideId "34134015"]
[BlackFideId "24111473"]
[WhiteElo "2335"]
[BlackElo "2285"]
[Result "1-0"]
[Round "07"]
[TimeControl "180+1"]
[Date "2021.07.21"]
[WhiteClock "0:02:17"]
[BlackClock "0:02:04"]

1. Nf3 d5 2. c4 e6 3. b3 c5 4. Bb2 Nc6 5. cxd5 exd5 6. e3 Nf6 7. Bb5 Bd7 8. O-O Bd6 9. d4 cxd4 10. Nxd4 O-O 11. Nc3 Bxh2+ 12. Kxh2 Ng4+ 13. Kg1 Nxd4 14. Bxd7 1-0


[Site "https://www.chess.com"]

[Event "Titled Tuesday Blitz July 20 2021"]
[White "Sarana, Alexey"]
[Black "Arabidze, Meri"]
[WhiteFideId "24133795"]
[BlackFideId "13604040"]
[WhiteElo "2646"]
[BlackElo "2432"]
[Result "1/2-1/2"]
[Round "07"]
[TimeControl "180+1"]
[Date "2021.07.20"]
[WhiteClock "0:00:45"]
[BlackClock "0:00:15"]

1. e4 c5 2. Nf3 e6 3. c3 d5 4. exd5 exd5 5. Bb5+ Nc6 6. d4 Bd6 7. O-O Ne7 8. dxc5 Bxc5 9. Nbd2 O-O 10. Nb3 Bd6 11. h3 Bc7 12. Nbd4 a6 13. Ba4 Qd6 14. Be3 Nf5 15. Nxf5 Bxf5 16. Bc2 Be4 17. Bxe4 dxe4 18. Qxd6 Bxd6 19. Nd2 f5 20. Nc4 Bc7 21. Rfd1 Rfd8 22. Bb6 Bxb6 23. Nxb6 Rab8 24. Kf1 g6 25. Ke2 Kf7 26. a4 Ke6 27. Nc4 Ne5 28. Nxe5 Kxe5 29. Ra3 Rxd1 30. Kxd1 Rd8+ 31. Ke2 f4 32. Rb3 Rd7 33. Rb6 Kf5 34. Rb4 g5 35. Rc4 Rd5 36. Rc7 b5 37. a5 h5 38. Rc6 g4 39. hxg4+ hxg4 40. Rxa6 f3+ 41. gxf3 exf3+ 42. Ke1 Re5+ 43. Kf1 Rd5 44. Ke1 Re5+ 45. Kf1 Rd5 46. Kg1 Rd1+ 47. Kh2 Rf1 48. Ra8 Rxf2+ 49. Kg3 Rg2+ 50. Kh4 Rh2+ 51. Kg3 Rg2+ 52. Kh4 Rh2+ 53. Kg3 Rg2+ 1/2-1/2


[Site "https://www.chess.com"]

[Event "Titled Tuesday Blitz July 20 2021"]
[White "Sarkar, Justin"]
[Black "Najdin, Danil"]
[WhiteFideId "2010011"]
[BlackFideId "4172426"]
[WhiteElo "2072"]
[BlackElo "2193"]
[Result "0-1"]
[Round "07"]
[TimeControl "180+1"]
[Date "2021.07.21"]
[WhiteClock "0:00:01"]
[BlackClock "0:00:49"]

1. d4 Nf6 2. a3 g6 3. Nf3 Bg7 4. e3 O-O 5. c4 b6 6. Nc3 Bb7 7. Bd3 c5 8. d5 e6 9. e4 exd5 10. cxd5 a6 11. O-O b5 12. d6 b4 13. axb4 cxb4 14. Qb3 Nc6 15. e5 bxc3 16. exf6 Bxf6 17. bxc3 Rb8 18. Bh6 Ne5 19. Nxe5 Bxg2 20. Qc4 Bxf1 21. Bxf8 Bxe5 0-1


[Site "https://www.chess.com"]

[Event "Titled Tuesday Blitz July 20 2021"]
[White "Seo, Jung Min"]
[Black "Arkell, Keith C"]
[WhiteFideId "1734687"]
[BlackFideId "400270"]
[WhiteElo "2486"]
[BlackElo "2398"]
[Result "1-0"]
[Round "07"]
[TimeControl "180+1"]
[Date "2021.07.21"]
[WhiteClock "0:00:42"]
[BlackClock "0:01:02"]

1. e4 c6 2. d4 d5 3. e5 c5 4. dxc5 Nc6 5. a3 a5 6. Bb5 e6 7. Be3 Bd7 8. Bxc6 Bxc6 9. Nf3 Ne7 10. Nd4 a4 11. b4 axb3 12. cxb3 Ng6 13. f4 Qh4+ 14. g3 Qh3 15. b4 Qg2 16. Rg1 Qxh2 17. Nd2 Be7 18. Qe2 Qxe2+ 19. Kxe2 h5 20. Kd3 Ba4 21. N2f3 Kd7 22. f5 exf5 23. Nxf5 Rh7 24. Nxe7 Nxe7 25. Ng5 Rhh8 26. Nxf7 Rhf8 27. Ng5 Ng6 28. e6+ Ke7 29. Kd4 Rf5 30. Raf1 Rxf1 31. Rxf1 Be8 32. Bc1 h4 33. g4 Nf8 34. Re1 Bg6 35. Kxd5 Rd8+ 36. Kc4 Bd3+ 37. Kc3 Bb1 38. Bf4 Rd3+ 39. Kb2 Rd4 40. Bd6+ Ke8 41. Kxb1 Rxg4 42. e7 Nd7 43. Rf1 Nf6 44. Ne6 h3 45. Nxg7+ Rxg7 46. Rxf6 1-0


[Site "https://www.chess.com"]

[Event "Titled Tuesday Blitz July 20 2021"]
[White "Shtyka, Sergey"]
[Black "Nazaretyan, Tigran"]
[WhiteFideId "4138465"]
[BlackFideId "24162345"]
[WhiteElo "2064"]
[BlackElo "2214"]
[Result "0-1"]
[Round "07"]
[TimeControl "180+1"]
[Date "2021.07.21"]
[WhiteClock "0:00:05"]
[BlackClock "0:01:03"]

1. e4 c5 2. Nf3 Nc6 3. d4 cxd4 4. Nxd4 Nf6 5. Nc3 d6 6. Bc4 e5 7. Nde2 Be7 8. Bg5 O-O 9. Bxf6 Bxf6 10. Nd5 Bg5 11. O-O Kh8 12. Ng3 g6 13. c3 Be6 14. Bb3 Na5 15. Bc2 Nc4 16. b3 Nb6 17. c4 Nxd5 18. exd5 Bd7 19. Ne4 Be7 20. f4 f5 21. Nc3 Bf6 22. fxe5 Bxe5 23. Qd3 Qf6 24. Rf3 b5 25. Raf1 bxc4 26. bxc4 Rfc8 27. Ne2 Rab8 28. Bb3 a5 29. Qd1 Rb4 30. Kh1 a4 31. Bc2 Rbxc4 32. Bd3 R4c5 33. Nf4 Bxf4 34. Rxf4 Rxd5 35. Qe2 Re8 36. Qf3 Rde5 37. h3 Qe6 38. a3 Re3 39. Qd1 Qd5 40. R4f3 Qxd3 41. Qxd3 Rxd3 42. Rxd3 Bb5 43. Rfd1 Bxd3 44. Rxd3 Re1+ 45. Kh2 Rb1 46. Rxd6 Rb3 47. Rd7 Rxa3 48. Ra7 h5 49. Kg1 Ra2 50. Kh2 h4 51. Kg1 f4 52. Kh1 Kg8 53. Kg1 a3 54. Kh1 Kf8 55. Kh2 f3 56. Kh1 f2 57. Kh2 Ra1 58. g4 f1=Q 59. Ra8+ Kg7 60. Ra7+ Kf8 61. Ra8+ Ke7 62. Ra7+ Kd8 63. Ra8+ Kc7 64. Ra7+ Kb8 0-1


[Site "https://www.chess.com"]

[Event "Titled Tuesday Blitz July 20 2021"]
[White "Shubenkova, Veronika"]
[Black "Kim, Sergey"]
[WhiteFideId "44124040"]
[BlackFideId "13700570"]
[WhiteElo "1895"]
[BlackElo "2502"]
[Result "1-0"]
[Round "07"]
[TimeControl "180+1"]
[Date "2021.07.21"]
[WhiteClock "0:01:55"]
[BlackClock "0:01:03"]

1. d4 Nf6 2. Nf3 g6 3. g3 Bg7 4. Bg2 O-O 5. O-O d6 6. b3 e5 7. dxe5 Nfd7 8. Bb2 dxe5 9. e4 Nc6 10. c4 Nc5 11. Nc3 Bg4 12. Nd5 Nd4 13. Bxd4 exd4 14. h3 Bxf3 15. Qxf3 c6 16. Nf4 f5 17. exf5 Rxf5 18. Qg4 a5 19. Rad1 Qf6 20. Nd3 Nxd3 21. Rxd3 Rf8 22. Qe2 Re5 23. Qd2 Re7 24. Qxa5 Re2 25. f4 Qe7 26. f5 gxf5 27. Rxf5 Re1+ 28. Kh2 Be5 29. Rxf8+ Qxf8 30. Qxe1 1-0


[Site "https://www.chess.com"]